 Dungeon Crawl Stone Soup version 0.30.1-11-g7821555f0a (webtiles) character file.

Game seed: 7291153548409252614

612808 SacredBeard the Messiah (level 27, 0/264 (269) HPs)
             Began as a Hill Orc Fighter on Nov 10, 2023.
             Was the Champion of Beogh.
             Slain by an Orb Guardian (6 damage)
             ... on level 5 of the Realm of Zot on Nov 13, 2023.
             The game lasted 05:40:01 (55650 turns).

SacredBeard the Messiah (Hill Orc Fighter)         Turns: 55650, Time: 05:40:01

HP:   0/264 (269)   AC: 41    Str: 52    XL:     27
MP:   58/58         EV: 10    Int: 12    God:    Beogh [******]
Gold: 2729          SH: 18    Dex:  3    Spells: 24/26 levels left

rFire   + + +        E - +7 broad axe (spect)
rCold   + . .        L - +0 tower shield of Miesyput {Str+4 Slay+2}
rNeg    . . .        f - +10 plate armour of the Solstice {rCorr Int+3 Dex-2}
rPois   +            N - +1 helmet of Inquiry {rPois Will++ Int+3 Dex-2}
rElec   +            v - +0 cloak of the Quick God {Regen+ Str+3 Int-3}
rCorr   +            r - +2 pair of gloves
SInv    +            C - +2 pair of boots of the Thoughtful Eyes {rF+ MP+9 SInv}
Will    +++++        U - amulet of Upliec {rPois Regen+ Str+2} Stlth
                     X - ring "Iqemp" {rElec Will++ MP+9 Int+2 Slay+3}
HPRegen 2.24/turn    g - ring of Haaph {rF+ rCorr Str+6}
MPRegen 0.36/turn

%: random rage (3%)
@: resistant, studying Ice Magic, lightly drained
A: walk on water, berserk 1, clumsy 1, deterioration 1, strong 1, subdued magic
1, MP-powered wands
}: 3/15 runes: decaying, silver, gossamer
a: Renounce Religion, Smiting, Recall Orcish Followers, Give Item to Named
Follower, Resurrection


You were on level 5 of the Realm of Zot.
You worshipped Beogh.
Beogh was exalted by your worship.
You visited 10 branches of the dungeon, and saw 48 of its levels.
You also visited: Ossuary, Bailey and Ice Cave.

You collected 6132 gold pieces.
You spent 3403 gold pieces at shops.

Inventory:

Hand Weapons
 E - a +7 spectral broad axe (weapon)
 T - a +5 heavy broad axe
Missiles
 j - 2 boomerangs of dispersal
 s - 25 boomerangs (quivered)
 F - 10 throwing nets
 G - 5 atropa-tipped darts
 H - 8 javelins
 P - 59 poisoned darts
 R - 12 curare-tipped darts
Armour
 f - the +10 plate armour of the Solstice (worn) {rCorr Int+3 Dex-2}
   (You bought it in a shop on level 1 of the Orcish Mines)

   Int:       It affects your intelligence (+3).
   Dex:       It affects your dexterity (-2).
   rCorr:     It protects you from acid and corrosion.
 h - a scarf of resistance
 r - a +2 pair of gloves (worn)
 v - the +0 cloak of the Quick God (worn) {Regen+ Str+3 Int-3}
   (You found it on level 1 of the Swamp)

   Str:       It affects your strength (+3).
   Int:       It affects your intelligence (-3).
   Regen:     It increases your rate of health regeneration.
 w - the +10 chain mail of Yxou {rF+ rN+}
   (You found it on level 3 of the Dungeon)

   rF:        It protects you from fire.
   rN:        It protects you from negative energy.
 C - the +2 pair of boots of the Thoughtful Eyes (worn) {rF+ MP+9 SInv}
   (You acquired it on level 3 of the Swamp)

   rF:        It protects you from fire.
   MP:        It affects your magic capacity (+9).
   SInv:      It lets you see invisible.
 L - the +0 tower shield of Miesyput (worn) {Str+4 Slay+2}
   (You acquired it on level 3 of the Swamp)

   Str:       It affects your strength (+4).
   Slay:      It affects your accuracy & damage with ranged weapons and melee
   (+2).
 N - the +1 helmet of Inquiry (worn) {rPois Will++ Int+3 Dex-2}
   (You acquired it on level 4 of the Vaults)

   Int:       It affects your intelligence (+3).
   Dex:       It affects your dexterity (-2).
   rPois:     It protects you from poison.
   Will:      It greatly increases your willpower.
Jewellery
 e - the ring "Zedwingu" {Fly rElec rC+ rCorr EV+5}
   (You acquired it on level 3 of the Swamp)

   [ring of evasion]

   EV:        It affects your evasion (+5).
   rC:        It protects you from cold.
   rElec:     It insulates you from electricity.
   Fly:       It grants you flight.
   rCorr:     It protects you from acid and corrosion.
 g - the ring of Haaph (right hand) {rF+ rCorr Str+6}
   (You bought it in a shop on level 2 of the Depths)

   [ring of strength]

   Str:       It affects your strength (+6).
   rF:        It protects you from fire.
   rCorr:     It protects you from acid and corrosion.
 n - the ring of the Final Chapter {+Blink rPois rC+ Dex+3}
   (You took it off an ogre mage on level 1 of the Vaults)

   [ring of protection from cold]

   Dex:       It affects your dexterity (+3).
   rC:        It protects you from cold.
   rPois:     It protects you from poison.
   +Blink:    It lets you blink.
 U - the amulet of Upliec (around neck) {rPois Regen+ Str+2}
   (You found it in an ice cave)

   [amulet of regeneration]

   Str:       It affects your strength (+2).
   rPois:     It protects you from poison.
   Regen:     It increases your rate of health regeneration.
 W - the ring of Cowardice {Wiz Contam rN+ Str+3 SInv}
   (You found it on level 1 of the Vaults)

   [ring of wizardry]

   It improves your spell success rate.
   Str:       It affects your strength (+3).
   rN:        It protects you from negative energy.
   SInv:      It lets you see invisible.
   Contam:    It causes magical contamination when unequipped.
 X - the ring "Iqemp" (left hand) {rElec Will++ MP+9 Int+2 Slay+3}
   (You bought it in a shop on level 2 of the Orcish Mines)

   [ring of magical power]

   Int:       It affects your intelligence (+2).
   Slay:      It affects your accuracy & damage with ranged weapons and melee
   (+3).
   rElec:     It insulates you from electricity.
   MP:        It affects your magic capacity (+9).
   Will:      It greatly increases your willpower.
Wands
 a - a wand of digging (18)
 i - a wand of mindburst (17)
 D - a wand of flame (50)
 I - a wand of light (42)
 S - a wand of paralysis (78)
 V - a wand of iceblast (53)
Scrolls
 b - 14 scrolls of blinking
 c - 19 scrolls of teleportation
 k - 9 scrolls of magic mapping
 o - 8 scrolls of fear
 p - 5 scrolls of enchant armour
 x - 4 scrolls of brand weapon
 z - 13 scrolls of fog
Potions
 d - 14 potions of might
 l - 7 potions of haste
 m - 8 potions of ambrosia
 q - 14 potions of mutation
 t - 20 potions of curing
 u - 6 potions of berserk rage
 y - 6 potions of cancellation
 A - 13 potions of lignification
 J - a potion of heal wounds
 M - 5 potions of magic
 Q - 6 potions of invisibility
 Y - a potion of brilliance
Miscellaneous
 K - a condenser vane
 O - a lightning rod (4/4)
 Z - a phantom mirror


   Skills:
 - Level 26.0 Fighting
 - Level 26.0 Axes
 - Level 17.0 Throwing
 + Level 19.2 Armour
 + Level 13.2 Dodging
 + Level 19.2 Shields
 O Level 27 Invocations
 - Level 9.0 Evocations


You had 24 spell levels left.
You knew the following spells:

 Your Spells              Type           Power      Damage    Failure   Level
a - Passwall              Tmut/Erth      0%         N/A       82%         2

Your spell library contained the following spells:

 Spells                   Type           Power      Damage    Failure   Level
 Apportation              Tloc           0%         N/A       67%         1
 Beastly Appendage        Tmut           0%         N/A       67%         1
 Slow                     Hex            0%         N/A       67%         1
 Sting                    Tmut/Pois      0%         1d3       67%         1
 Blink                    Tloc           0%         N/A       82%         2
 Call Imp                 Summ           0%         N/A       82%         2
 Cigotuvi's Dreadful Rot  Necr/Pois/Air  0%         N/A       82%         2
 Ensorcelled Hibernation  Hex/Ice        0%         N/A       82%         2
 Lesser Beckoning         Tloc           0%         N/A       82%         2
 Momentum Strike          Conj/Tloc      0%         3d8       82%         2
 Poisonous Vapours        Pois/Air       0%         N/A       82%         2
 Static Discharge         Conj/Air       0%         2-2/arc   82%         2
 Sublimation of Blood     Necr           0%         N/A       82%         2
 Wereblood                Tmut           0%         N/A       82%         2
 Call Canine Familiar     Summ           0%         N/A       96%         3
 Confusing Touch          Hex            0%         N/A       96%         3
 Frozen Ramparts          Ice            0%         1d1       96%         3
 Gell's Gravitas          Tloc           0%         N/A       96%         3
 Ozocubu's Armour         Ice            0%         N/A       96%         3
 Portal Projectile        Hex/Tloc       0%         N/A       96%         3
 Spider Form              Tmut/Pois      0%         N/A       96%         3
 Stone Arrow              Conj/Erth      0%         3d7       96%         3
 Summon Guardian Golem    Hex/Summ       0%         N/A       96%         3
 Swiftness                Air            0%         N/A       96%         3
 Teleport Other           Tloc           0%         N/A       96%         3
 Tukima's Dance           Hex            0%         N/A       96%         3
 Vampiric Draining        Necr           0%         2d6       96%         3
 Vhi's Electric Charge    Tloc/Air       0%         N/A       96%         3
 Airstrike                Air            0%         2d(0-16)  100%        4
 Anguish                  Hex/Necr       0%         N/A       100%        4
 Animate Armour           Summ/Erth      0%         N/A       100%        4
 Animate Dead             Necr           0%         N/A       100%        4
 Cause Fear               Hex            0%         N/A       100%        4
 Ice Form                 Ice/Tmut       0%         N/A       100%        4
 Leda's Liquefaction      Hex/Erth       0%         N/A       100%        4
 Manifold Assault         Tloc           0%         N/A       100%        4
 Olgreb's Toxic Radiance  Pois           0%         N/A       100%        4
 Summon Ice Beast         Ice/Summ       0%         N/A       100%        4
 Summon Lightning Spire   Summ/Air       0%         N/A       100%        4
 Alistair's Intoxication  Tmut/Pois      0%         N/A       100%        5
 Arcjolt                  Conj/Air       0%         1d10      100%        5
 Blade Hands              Tmut           0%         N/A       100%        5
 Borgnjor's Vile Clutch   Necr/Erth      0%         N/A       100%        5
 Freezing Cloud           Conj/Ice/Air   0%         6-21      100%        5
 Irradiate                Conj/Tmut      0%         3d11      100%        5
 Iskenderun's Battlesphe  Conj           0%         2d6       100%        5
 Silence                  Hex/Air        0%         N/A       100%        5
 Death Channel            Necr           0%         N/A       100%        6
 Iron Shot                Conj/Erth      0%         9d1       100%        6
 Plasma Beam              Fire/Air       0%         2x1d11    100%        6
 Dragon Form              Tmut           0%         N/A       100%        7
 Enfeeble                 Hex            0%         N/A       100%        7
 Haunt                    Necr/Summ      0%         N/A       100%        7
 Malign Gateway           Summ/Tloc      0%         N/A       100%        7
 Orb of Destruction       Conj           0%         9d5       100%        7
 Spellforged Servitor     Conj/Summ      0%         N/A       100%        7
 Storm Form               Tmut/Air       0%         N/A       100%        7
 Summon Hydra             Summ           0%         N/A       100%        7
 Lehudib's Crystal Spear  Conj/Erth      0%         10d2      100%        8
 Maxwell's Capacitive Co  Air            0%         ∞         100%        8
 Summon Horrible Things   Summ           0%         N/A       100%        8


Dungeon Overview and Level Annotations

Branches:
Dungeon (15/15) Zot: 25109  Temple (0/1) D:5            Lair (5/5) D:10 Zot: 24601
  Swamp (4/4) Lair:3 Zot: 19905  Spider (4/4) Lair:2 Zot: 18404   Slime (0/5) Lair:4
    Orc (2/2) D:10 Zot: 10697     Elf (0/3) Orc:2        Vaults (5/5) D:14 Zot: 22755
  Crypt (3/3) Vaults:2 Zot: 14713    Tomb (1/3) Crypt:3 Zot: 4734  Depths (4/4) D:15 Zot: 16780
    Zot (5/5) Depths:4 Zot: 24971 Ossuary (visited)          Bailey (visited)
  IceCv (visited)

Altars:
Cheibriados
Elyvilon
Gozag
Hepliaklqana
Kikubaaqudgha
Makhleb
Okawaru
Qazlal
Sif Muna
Trog
Xom
Zin
The Shining One
Beogh

Shops:
D:4 (   D:12 *   Orc:1 [   Orc:2 ::(=?   Depths:2 =   Depths:3 [

Portals:
Hell: Depths:1 Depths:2 Depths:3 Depths:4
Abyss: Depths:3 Depths:4
Pandemonium: Depths:2 Depths:3
Ziggurat: Depths:4

Annotations:
Orc:2 2 transporters, billyroblox's ghost, journeyman MiBe


Innate Abilities, Weirdness & Mutations

You can walk on water.
You sometimes lose your temper in combat.
You are clumsy. (Dex -2)
Your body sometimes deteriorates upon taking damage.
Your muscles are strong. (Str +4, Int/Dex -1)
Your spells are a little easier to cast, but a little less powerful.
You expend magic power (3 MP) to strengthen your wands.


Message History

The Killer Klown pies you viciously! You block the klown pie.
The Orb Guardian hits you!!
* * * LOW HITPOINT WARNING * * *
You block the ancient lich's attack.
You barely miss the orb of fire.
The orb of fire is heavily damaged.
You barely miss the ancient lich. You slash the Killer Klown!
You miss the Orb Guardian.
Your +7 spectral broad axe hits the Orb Guardian!!
Your +7 spectral broad axe completely misses the Killer Klown.
Your +7 spectral broad axe hits the ancient lich! x2
Your +7 spectral broad axe misses the Killer Klown.
The Orb Guardian hits you but does no damage.
The Killer Klown barely misses you.
The ancient lich touches you but does no damage.
The orb of fire glows bright magenta.
The bolt of fire misses you.
You hit the orb of fire but do no damage.
The orb of fire is heavily damaged.
You slice the Orb Guardian!! You completely miss the ancient lich.
You completely miss the Killer Klown.
Your +7 spectral broad axe hits the Killer Klown!!
You kill the Killer Klown!
Beogh accepts your kill.
Your +7 spectral broad axe hits the ancient lich but does no damage.
Your +7 spectral broad axe barely misses the ancient lich.
Your +7 spectral broad axe hits the Orb Guardian!!
You block the Orb Guardian's attack. The ancient lich barely misses you.
You block the Orb Guardian's attack.
You slice the orb of fire!!
The orb of fire is severely damaged.
You closely miss the Orb Guardian. You hit the ancient lich.
Your +7 spectral broad axe barely misses the ancient lich.
Your +7 spectral broad axe closely misses the Orb Guardian.
The ancient lich touches you!
* * * LOW HITPOINT WARNING * * *
You feel drained.
* * * LOW HITPOINT WARNING * * *
The Orb Guardian hits you.
You die...

### ########.######## #
#...............# ##
##.............## ##.
#.............# ##..
##...........## #...
#...........# #... .
##...........## #... ..
#..(X*........# #^.. X*^
##...@LX.......## #.^.
....
##.)...)....[....###...
L....
###^..###########...###..
...^.)##....## ##.)..##.
......§...### ###..^.§
▓▓▓▓▓▓▓▓▓▓# #▓▓▓▓▓ ▓▓▓▓.
##▓.... ##......


You could see an orb of fire, a tentacled monstrosity, an ancient lich (fast),
an Orb Guardian and a friendly +7 spectral broad axe.

Vanquished Creatures
  7 dread liches
  9 orbs of fire (Zot:5)
  Mennas (Vaults:4)
  An ancient lich (Zot:5)
  Mara (Spider:4)
  2 juggernauts
  Sojobo (Vaults:3)
  Vv (Zot:1)
  A royal mummy (Tomb:1)
  6 Killer Klowns
  Margery (Vaults:3)
  Xtahua (Vaults:5)
  Frederick (Vaults:3)
  5 golden dragons
  Jory (Crypt:3)
  Arachne (Spider:4)
  Nikola (Spider:4)
  2 electric golems (Zot:5)
  Jorgrun (Orc:2)
  A walking crystal tome (Depths:1)
  Rupert (Lair:4)
  5 titans
  3 liches
  15 tentacled monstrosities
  Mlioglotl (Spider:2)
  22 Orb Guardians (Zot:5)
  A walking divine tome (Depths:2)
  7 quicksilver dragons
  14 storm dragons
  11 tengu reavers
  8 death cobs
  The ghost of Ricegish the Blocker, an adept GnFi of Okawaru (Swamp:3)
  13 shadow dragons
  5 ancient champions
  10 sphinxes
  4 thorn hunters
  A fenstrider witch (shapeshifter) (Vaults:5)
  13 draconian monks
  Donald (Vaults:3)
  A rockslime (IceCv)
  2 revenants (Crypt:1)
  8 frost giants
  10 draconian knights
  3 azure jellies (IceCv)
  4 fire giants
  6 emperor scorpions (Spider:4)
  Aizul (Vaults:3)
  3 orc warlords
  25 vault wardens
  7 draconian scorchers
  Louise (D:14)
  5 ghost moths
  A caustic shrike skeleton (Depths:2)
  An iron dragon (Vaults:5)
  10 draconian shifters
  6 spectral caustic shrikes (Depths:1)
  4 quicksilver oozes (IceCv)
  14 ghouls
  15 draconian annihilators
  7 draconian stormcallers
  A spriggan defender (Depths:3)
  A reaper (Crypt:2)
  13 very ugly things
  5 war gargoyles
  2 broodmothers (Spider:4)
  17 ironbound preservers
  27 stone giants
  5 eleionomae
  21 black draconians
  25 vampire knights
  6 ironbound thunderhulks
  19 green draconians
  2 bennus (Tomb:1)
  21 yellow draconians
  2 deep elf demonologists (Vaults:5)
  A deep elf annihilator (Vaults:5)
  21 white draconians
  7 spark wasps
  2 bunyips
  A spark wasp (shapeshifter) (Depths:2)
  18 purple draconians
  21 red draconians
  2 dire elephants (Vaults:4)
  16 ettins
  A blizzard demon (Depths:4)
  5 deep elf death magi
  7 eidola
  Snorg (Orc:1)
  3 crystal guardians (Vaults:4)
  10 mummy priests (Tomb:1)
  9 yaktaur captains
  A fire dragon (shapeshifter) (Depths:1)
  10 fire dragons
  13 jiangshi
  3 entropy weavers
  A merfolk impaler (Depths:4)
  8 great orbs of eyes
  4 shambling mangroves
  11 ice dragons
  Josephine (D:12)
  2 rakshasas (Depths:1)
  6 spriggan air magi
  40 vault guards
  29 hydras
  A hell beast (Depths:3)
  A jorogumo (Spider:4)
  An ogre mage (Vaults:1)
  3 radroaches (Spider:1)
  8 centaur warriors
  6 ironbound frosthearts
  A spriggan skeleton (Crypt:1)
  2 peacekeepers (Vaults:4)
  A catoblepas (Lair:2)
  3 death knights
  2 ghost crabs (Swamp:2)
  6 two-headed ogres
  6 boulder beetles
  5 deep troll shamans
  A fenstrider witch skeleton (Crypt:1)
  6 death yaks
  2 tengu warriors
  4 death scarabs (Tomb:1)
  10 deep troll earth magi
  4 alligators
  7 spriggan berserkers
  13 vampire magi
  A titan zombie (Depths:2)
  6 hell hogs (Depths:3)
  2 shock serpents (shapeshifter)
  19 hell knights
  Nergalle (Lair:3)
  A storm dragon zombie (Crypt:3)
  2 soul eaters
  4 pharaoh ants
  3 sun demons (Depths:3)
  A sun moth (Spider:4)
  41 deep trolls
  3 flayed ghosts
  7 iron trolls
  A titan skeleton (Crypt:3)
  A bunyip zombie (Crypt:3)
  40 skeletal warriors
  8 swamp dragons (Swamp:4)
  2 spriggan druids (Swamp:3)
  6 goliath frogs
  8 orb spiders
  2 obsidian statues (Zot:5)
  A spark wasp zombie (Depths:2)
  2 iron giant zombies
  2 glowing orange brains
  4 steelbarb worms
  2 anaconda zombies (Crypt:3)
  15 ironbound convokers
  13 wizards
  13 bog bodies
  An orange crystal statue (IceCv)
  26 phantasmal warriors
  6 orc knights
  11 lindwurms
  12 necromancers
  16 wolf spiders
  2 orc sorcerers
  5 cyclopes
  4 deep elf pyromancers
  2 iron dragon zombies
  A tengu skeleton (Vaults:2)
  40 ugly things
  35 moths of wrath
  A wolf spider (shapeshifter) (Depths:1)
  2 iron dragon skeletons
  2 salamanders (Depths:3)
  11 elephants
  2 stone giant skeletons (Vaults:2)
  A manticore (D:13)
  A faun (shapeshifter) (Vaults:4)
  A will-o-the-wisp (Swamp:3)
  A frost giant skeleton (Depths:2)
  A frost giant zombie (Depths:2)
  6 black mambas
  A centaur zombie (Crypt:3)
  7 demonic crawlers
  A molten gargoyle (Depths:3)
  4 torpor snails
  A smoke demon (Depths:3)
  A naga skeleton (Crypt:1)
  19 vault sentinels
  A gargoyle (D:12)
  17 cane toads
  Psyche (D:8)
  An unseen horror (D:12)
  9 freezing wraiths
  8 komodo dragons
  2 rime drakes (Lair:2)
  5 tengu conjurers
  An efreet (D:14)
  26 yaktaurs
  An elf skeleton (Vaults:2)
  A harpy zombie (Crypt:3)
  A spark wasp simulacrum (Depths:2)
  16 guardian mummies
  7 trolls
  6 meliai
  A yaktaur skeleton (Vaults:2)
  A queen bee (Spider:3)
  A mana viper skeleton (Crypt:1)
  2 bloated husks (Swamp:2)
  11 tyrant leeches
  26 tarantellas
  18 hornets
  Prince Ribbit (D:6)
  2 polar bears
  13 blink frogs
  6 dream sheep
  A harpy skeleton (Tomb:1)
  An ettin zombie (Crypt:3)
  22 slime creatures
  22 jumping spiders
  12 spriggans
  20 wraiths
  A shadow (D:10)
  20 culicivoras
  2 ettin skeletons
  30 yaks
  A vampire (D:11)
  2 ushabtiu (Tomb:1)
  6 water elementals
  2 wyverns
  4 basilisks
  2 yaks (shapeshifter)
  A hog (shapeshifter) (Vaults:5)
  47 redbacks
  17 vampire mosquitoes
  4 steam dragons
  A minotaur simulacrum (Crypt:1)
  Menkaure (Ossuary)
  A naga zombie (Crypt:3)
  7 wargs
  14 swamp worms
  11 water moccasins
  3 hell hounds (D:13)
  A cane toad zombie (Crypt:1)
  A swamp drake (shapeshifter) (Depths:2)
  11 orc warriors
  A sky beast (D:7)
  10 swamp drakes
  2 black bears
  An ettin simulacrum (Crypt:2)
  A black mamba simulacrum (Crypt:1)
  5 ogres
  A swamp dragon zombie (Crypt:2)
  2 elephant zombies
  4 great orb of eyes simulacra (IceCv)
  16 boggarts
  6 wolves
  7 centaurs
  2 slime creature simulacra (IceCv)
  7 human skeletons (Vaults:2)
  2 kobold brigands
  16 bullfrogs
  4 necrophages
  11 gnoll sergeants
  A scorpion (D:4)
  5 glowing shapeshifter simulacra (IceCv)
  A komodo dragon skeleton (Crypt:3)
  A cyclops skeleton (Crypt:3)
  8 wights
  A warg zombie (Crypt:2)
  12 killer bees
  4 howler monkeys
  6 electric eels
  A yak skeleton (Crypt:3)
  2 wolf zombies (Crypt:2)
  4 lava snakes (Lair:2)
  4 orc priests
  4 jellies
  5 gnoll boudas (Bailey)
  4 hounds
  A sleepcap (D:4)
  3 iguanas
  17 orc wizards
  An acid dragon skeleton (Crypt:1)
  An ogre skeleton (Crypt:1)
  A hound skeleton (Crypt:1)
  19 mummies
  17 gnolls
  6 adders
  A steam dragon skeleton (Crypt:2)
  A worm zombie (Crypt:2)
  5 worms
  4 dart slugs
  30 orcs
  5 ball pythons
  2 endoplasms (D:4)
  2 giant cockroaches
  5 gnoll zombies (Ossuary)
  11 goblins
  7 hobgoblins
  4 jackals (D:4)
  3 quokkas
  A bat (D:1)
  2 frilled lizards
  6 gnoll skeletons (Ossuary)
  4 goblin skeletons
  4 goblin zombies (Ossuary)
  3 hobgoblin skeletons (Ossuary)
  7 hobgoblin zombies (Ossuary)
  8 kobolds
  4 kobold skeletons (Ossuary)
  7 kobold zombies (Ossuary)
  3 orc skeletons (Ossuary)
  3 orc zombies
  4 rats
  6 rat skeletons (Ossuary)
  4 spectral weapons
2090 creatures vanquished.

Vanquished Creatures (collateral kills)
  A tentacled monstrosity (Zot:1)
  A titan (Vaults:5)
  A lich (Depths:4)
  2 Orb Guardians (Zot:5)
  Frances (D:13)
  2 vault wardens
  A frost giant (Vaults:5)
  3 ghouls
  An eleionoma (Swamp:3)
  A red draconian (Zot:2)
  A green draconian (Depths:4)
  A dire elephant (Vaults:4)
  A yellow draconian (Zot:1)
  A purple draconian (Zot:1)
  An ettin (D:14)
  3 yaktaur captains
  3 hydras (Swamp:4)
  An ice dragon (Depths:3)
  2 vault guards
  A peacekeeper (Vaults:3)
  An alligator (Swamp:3)
  5 centaur warriors (D:14)
  An ironbound frostheart (Vaults:4)
  An ogre mage (D:14)
  A death yak (Lair:3)
  A deep troll shaman (Depths:1)
  A death scarab (Tomb:1)
  A deep troll earth mage (Depths:2)
  A spriggan berserker (Swamp:4)
  A hell knight (Vaults:3)
  A titan skeleton (Crypt:2)
  A soul eater (Depths:3)
  A skeletal warrior (D:14)
  A deep troll (Depths:1)
  2 sun moths
  A swamp dragon (Swamp:4)
  An orb spider (shapeshifter) (D:14)
  A wizard (D:14)
  2 ironbound convokers
  A phantasmal warrior (Crypt:2)
  2 orc knights
  2 wolf spiders
  8 ugly things
  A will-o-the-wisp (Swamp:3)
  A moth of wrath (Zot:1)
  A manticore (D:14)
  A cyclops (shapeshifter) (D:14)
  2 demonic crawlers (Spider:1)
  2 vault sentinels
  A slime creature (D:13)
  2 gargoyles
  An alligator snapping turtle skeleton (Tomb:1)
  A kobold demonologist (D:12)
  A freezing wraith (D:14)
  2 yaktaurs (Vaults:3)
  A tengu conjurer (D:14)
  A meliai (Spider:3)
  A troll (D:11)
  A hornet (Swamp:3)
  6 tarantellas
  2 dream sheep (Lair:4)
  A guardian serpent zombie (Crypt:3)
  4 jumping spiders
  A spriggan (Depths:3)
  2 culicivoras
  A water elemental (D:11)
  An ushabti (Tomb:1)
  4 yaks
  2 wraiths (Crypt:3)
  2 vampire mosquitoes
  2 swamp worms
  A redback (Spider:1)
  2 water moccasins
  13 orc warriors
  4 black bears (D:10)
  2 swamp drakes
  A sky beast (D:8)
  2 boggarts
  2 wolves (Lair:5)
  5 centaurs
  A kobold brigand (D:12)
  2 bullfrogs (D:10)
  A necrophage (Crypt:3)
  A howler monkey (D:10)
  A lava snake (D:9)
  An orc priest (Orc:2)
  5 orc wizards
  A mummy (Tomb:1)
  A shadow imp (D:8)
  9 orcs
  A goblin skeleton (Crypt:3)
  2 kobolds (D:12)
173 creatures vanquished.

Vanquished Creatures (others)
  Asterion (Spider:1)
  A draconian knight (Zot:4)
  An ironbound preserver (Vaults:1)
  11 orc sorcerers
  4 orc high priests
  An orb spider (Spider:4)
  22 orc knights
  A jumping spider (Spider:4)
  A culicivora (Spider:1)
  31 orc warriors
  36 orc priests
  A boggart (Vaults:3)
  11 orc wizards
  A shadow imp (D:7)
  38 orcs
  A ball python (D:4)
  11 foxfires (Swamp:3)
  163 spectral weapons
336 creatures vanquished.

Grand Total: 2599 creatures vanquished

Notes
Turn   | Place    | Note
-------+----------+-------------------------------------------
     0 | D:1      | SacredBeard the Hill Orc Fighter began the quest for the
                  | Orb.
     0 | D:1      | Reached XP level 1. HP: 19/19 MP: 1/1
   283 | D:1      | Reached XP level 2. HP: 27/27 MP: 2/2
   662 | D:2      | Reached XP level 3. HP: 28/33 MP: 3/3
   665 | D:2      | Learned a level 2 spell: Passwall
  1369 | D:3      | Identified the +10 chain mail of Yxou {rF+ rN+}
  1461 | D:3      | Found a stormy altar of Qazlal.
  1471 | D:3      | Reached XP level 4. HP: 41/41 MP: 4/4
  1478 | D:3      | Reached skill level 1 in Dodging
  1572 | D:3      | Found a faded altar of an unknown god.
  1652 | D:3      | Reached XP level 5. HP: 47/47 MP: 5/5
  1658 | D:3      | Reached skill level 1 in Throwing
  1664 | D:3      | Reached skill level 5 in Fighting
  1999 | D:4      | Noticed an ogre
  2015 | D:4      | Killed an ogre
  2016 | D:4      | Reached XP level 6. HP: 56/56 MP: 6/6
  2094 | D:4      | Found Iphomm's Antique Weapon Shoppe.
  2170 | D:4      | Became a worshipper of Beogh the Brigand
  2201 | D:4      | Reached skill level 5 in Axes
  2537 | D:4      | Reached XP level 7. HP: 64/64 MP: 7/7
  2784 | D:4      | Bought a runed broad axe for 140 gold pieces
  2799 | D:5      | Entered Level 5 of the Dungeon
  2808 | D:5      | Found a shimmering altar of Xom.
  2914 | D:5      | Found a bloodstained altar of Trog.
  3054 | D:5      | Found a staircase to the Ecumenical Temple.
  3134 | D:5      | Found an opulent altar of Gozag.
  3333 | D:5      | Found an iron altar of Okawaru.
  3495 | D:6      | Reached * piety under Beogh
  3499 | D:6      | Reached XP level 8. HP: 59/74 MP: 8/8
  3635 | D:6      | Found a sand-covered staircase.
  3640 | Ossuary  | Entered an ossuary
  3776 | Ossuary  | Reached ** piety under Beogh
  3918 | Ossuary  | Noticed Menkaure
  3923 | Ossuary  | Killed Menkaure
  4101 | D:6      | Noticed Prince Ribbit
  4120 | D:6      | Killed Prince Ribbit
  4122 | D:6      | Reached skill level 10 in Fighting
  4236 | D:6      | Reached skill level 1 in Invocations
  4236 | D:6      | Reached XP level 9. HP: 86/86 MP: 8/10
  4287 | D:6      | Reached skill level 2 in Invocations
  4465 | D:6      | Reached skill level 1 in Evocations
  4531 | D:7      | Noticed a cyclops
  4534 | D:7      | Reached *** piety under Beogh
  4543 | D:7      | Killed a cyclops
  4544 | D:7      | Reached skill level 4 in Invocations
  4579 | D:7      | Reached skill level 5 in Invocations
  4704 | D:7      | Reached skill level 6 in Invocations
  4764 | D:7      | Found a glowing silver altar of Zin.
  4861 | D:7      | Found a glowing golden altar of the Shining One.
  4987 | D:8      | Reached skill level 7 in Invocations
  5087 | D:8      | Noticed Psyche
  5099 | D:8      | Killed Psyche
  5100 | D:8      | Reached skill level 8 in Invocations
  5100 | D:8      | Reached XP level 10. HP: 25/95 MP: 11/16
  5411 | D:8      | Reached skill level 10 in Axes
  5656 | D:9      | Found a flagged portal.
  5661 | D:9      | Reached skill level 9 in Invocations
  5671 | Bailey   | Entered a bailey
  5766 | Bailey   | Reached skill level 10 in Invocations
  5785 | Bailey   | Reached **** piety under Beogh
  5950 | Bailey   | Reached skill level 11 in Invocations
  6312 | Bailey   | Identified the +1 robe "Gagammekhla" {Will- rCorr Str+2
                  | Int+3}
  6416 | D:9      | Found a hazy altar of Hepliaklqana.
  6487 | D:9      | Found a burning altar of Makhleb.
  6664 | D:9      | Found a shimmering blue altar of Sif Muna.
  7129 | D:10     | Entered Level 10 of the Dungeon
  7225 | D:10     | Gained Horkud as an ally
  7249 | D:10     | Noticed a two-headed ogre
  7255 | D:10     | Killed a two-headed ogre
  7256 | D:10     | Reached skill level 12 in Invocations
  7256 | D:10     | Reached XP level 11. HP: 78/102 MP: 18/20
  7471 | D:10     | Found a staircase to the Orcish Mines.
  7487 | D:10     | Found a staircase to the Lair.
  7512 | D:10     | Your ally Horkud died
  7513 | D:10     | Gained Ognian as an ally
  7857 | D:11     | Noticed a boulder beetle
  7873 | D:11     | Killed a boulder beetle
  7874 | D:11     | Reached skill level 13 in Invocations
  7964 | D:11     | Reached ***** piety under Beogh
  8365 | D:11     | Paralysed by a hornet for 1 turns
  8369 | D:11     | Reached skill level 14 in Invocations
  8630 | D:12     | Noticed a deep elf pyromancer
  8641 | D:12     | Killed a deep elf pyromancer
  8699 | D:12     | Your ally Ognian died
  8831 | D:12     | Reached skill level 15 in Invocations
  8843 | D:12     | Got Woisk's Elucidation of Overhead Spooky Action
  8847 | D:12     | Gained Ugrim as an ally
  8907 | D:12     | Noticed a deep elf pyromancer
  8922 | D:12     | Killed a deep elf pyromancer
  9007 | D:12     | Found Aseik's Pet Rocks.
  9138 | D:12     | Noticed a two-headed ogre
  9151 | D:12     | Killed a two-headed ogre
  9152 | D:12     | Reached XP level 12. HP: 88/110 MP: 23/23
  9257 | D:12     | Noticed a two-headed ogre
  9257 | D:12     | Noticed Josephine
  9264 | D:12     | Killed a two-headed ogre
  9269 | D:12     | Killed Josephine
  9270 | D:12     | Reached skill level 16 in Invocations
  9656 | D:13     | Your ally Ugrim died
  9663 | D:13     | Gained Wargath as an ally
  9749 | D:13     | Noticed Frances
  9758 | D:13     | HP: 1/110 [Frances/iron shot (31)]
  9758 | D:13     | Killed Frances
  9759 | D:13     | Reached skill level 5 in Shields
  9866 | D:13     | Reached skill level 5 in Armour
  9891 | D:13     | Got Koinin's Casting Continued
  9980 | D:13     | Noticed a two-headed ogre
  9984 | D:13     | Killed a two-headed ogre
 10139 | D:13     | Gained Arbeogh as an ally
 10311 | D:14     | Noticed a two-headed ogre
 10311 | D:14     | Noticed a two-headed ogre
 10314 | D:14     | Noticed an ogre mage
 10318 | D:14     | Killed a two-headed ogre
 10319 | D:14     | Killed a two-headed ogre
 10320 | D:14     | Found a gate to the Vaults.
 10325 | D:14     | Killed an ogre mage
 10326 | D:14     | Reached skill level 17 in Invocations
 10334 | D:14     | Noticed a centaur warrior
 10339 | D:14     | Reached XP level 13. HP: 86/116 MP: 25/25
 10357 | D:14     | Noticed Louise
 10361 | D:14     | Killed Louise
 10559 | D:14     | Reached skill level 15 in Axes
 10562 | D:14     | Found a gate leading to a gauntlet.
 10624 | D:14     | Reached skill level 18 in Invocations
 10994 | D:14     | Noticed a yaktaur captain
 11002 | D:14     | Your ally Arbeogh died
 11014 | D:14     | Your ally Wargath died
 11295 | D:14     | Noticed an ettin
 11423 | Orc:1    | Entered Level 1 of the Orcish Mines
 11423 | Orc:1    | Found Begitew's Armour Shoppe.
 11426 | Orc:1    | Noticed Snorg
 11430 | Orc:1    | Noticed an orc warlord
 11436 | Orc:1    | Noticed an orc warlord
 11437 | Orc:1    | Killed Snorg
 11442 | Orc:1    | Killed an orc warlord
 11449 | Orc:1    | Killed an orc warlord
 11453 | Orc:1    | Reached XP level 14. HP: 108/124 MP: 15/27
 11590 | Orc:2    | Entered Level 2 of the Orcish Mines
 11693 | Orc:2    | Gained Boghold as an ally
 11700 | Orc:2    | Found Doitelet's Weapon Boutique.
 11700 | Orc:2    | Found Ypadwoag's Book Shoppe.
 11700 | Orc:2    | Noticed Jorgrun
 11709 | Orc:2    | Your ally Boghold died
 11734 | Orc:2    | Gained Oreg as an ally
 11774 | Orc:2    | Your ally Oreg died
 12121 | Orc:2    | Found a staircase to the Elven Halls.
 12151 | Orc:2    | Found Hisat's Book Emporium.
 12153 | Orc:2    | Found Dyffomnu's Jewellery Shop.
 12196 | Orc:2    | Found a transporter.
 12197 | Orc:2    | Noticed billyroblox's ghost (journeyman MiBe)
 12201 | Orc:2    | Killed Jorgrun
 12201 | Orc:2    | Identified the +6 dire flail of the Distant Future {speed,
                  | rC+ Str+2 Int-5 Dex+2}
 12259 | Orc:2    | Found a transporter.
 12317 | Orc:2    | Found Gipt's Magic Scroll Shop.
 12349 | Orc:2    | Found a roughly hewn altar of Beogh.
 12624 | Orc:2    | Bought the ring "Iqemp" {rElec Will++ MP+9 Int+2 Slay+3}
                  | for 907 gold pieces
 12731 | Lair:1   | Entered Level 1 of the Lair of Beasts
 12943 | Lair:1   | Gained Borgk as an ally
 13494 | Lair:2   | Found a runed translucent door.
 13528 | Lair:2   | Found a hole to the Spider Nest.
 14235 | Lair:2   | Your ally Borgk died
 14440 | Lair:2   | Identified the +4 rapier of the Owl {drain, *Rage rElec
                  | Dex+2}
 14775 | Lair:3   | Found a staircase to the Swamp.
 14997 | Lair:3   | Noticed Nergalle
 15010 | Lair:3   | Killed Nergalle
 15010 | Lair:3   | Gained Brunolf as an ally
 15421 | Lair:4   | Noticed Rupert
 15428 | Lair:4   | Killed Rupert
 15737 | Lair:4   | Reached XP level 15. HP: 127/132 MP: 28/28
 15742 | Lair:4   | Found a staircase to the Slime Pits.
 15988 | Lair:5   | Entered Level 5 of the Lair of Beasts
 16044 | Lair:5   | Your ally Brunolf died
 16215 | Lair:5   | Reached skill level 5 in Dodging
 16808 | D:14     | Noticed a tengu reaver
 16852 | D:14     | Killed a tengu reaver
 17103 | D:15     | Entered Level 15 of the Dungeon
 17451 | D:15     | Identified the +0 scale mail "Qiweh" {Int+3}
 17492 | D:15     | Found a staircase to the Depths.
 17607 | D:15     | Found a shimmering blue altar of Sif Muna.
 18273 | Lair:5   | Reached ****** piety under Beogh
 18304 | Lair:5   | Reached skill level 19 in Invocations
 18309 | Lair:5   | Reached XP level 16. HP: 128/145 MP: 29/29
 18844 | Lair:2   | Found a runed translucent gate.
 18844 | Lair:2   | Found a runed translucent gate.
 18844 | Lair:2   | Found a runed translucent gate.
 18844 | Lair:2   | Found a runed translucent gate.
 18845 | Lair:2   | Found a runed translucent gate.
 18851 | Lair:2   | Found a runed translucent gate.
 18961 | Swamp:1  | Entered Level 1 of the Swamp
 18968 | Swamp:1  | Noticed a thorn hunter
 18976 | Swamp:1  | Killed a thorn hunter
 19199 | Swamp:1  | Noticed a thorn hunter
 19221 | Swamp:1  | Killed a thorn hunter
 19405 | Swamp:1  | Found a frozen archway.
 19423 | IceCv    | Entered an ice cave
 19862 | IceCv    | Noticed a rockslime
 19872 | IceCv    | Killed a rockslime
 19914 | IceCv    | Found a viscous altar of Jiyva.
 19914 | IceCv    | Noticed an azure jelly
 19923 | IceCv    | Killed an azure jelly
 19931 | IceCv    | Noticed an azure jelly
 19931 | IceCv    | Noticed an azure jelly
 19945 | IceCv    | Killed an azure jelly
 19949 | IceCv    | Killed an azure jelly
 20031 | IceCv    | Identified the amulet of Upliec {rPois Regen+ Str+2}
 20052 | IceCv    | Got the ring "Zoreox" {Ice Str+6 Int-2}
 20246 | Swamp:1  | Identified the +0 cloak of the Quick God {Regen+ Str+3
                  | Int-3}
 20733 | Swamp:2  | Gained Agrik as an ally
 20735 | Swamp:2  | Reached skill level 15 in Fighting
 20943 | Swamp:2  | Reached skill level 10 in Armour
 20987 | Swamp:2  | Identified the +1 leather armour "Teorub" {rElec rC+ rN+}
 21039 | Swamp:2  | Reached skill level 10 in Shields
 21054 | Swamp:2  | Gained Borgun as an ally
 21273 | Swamp:3  | Reached skill level 5 in Evocations
 21327 | Swamp:3  | Reached XP level 17. HP: 156/156 MP: 30/30
 21362 | Swamp:3  | Found a runed translucent door.
 21364 | Swamp:3  | Noticed Ricegish's ghost (adept GnFi)
 21367 | Swamp:3  | Identified the +9 spear of the Doomed Warrior {heavy, rElec
                  | Str+3 Dex-5}
 21443 | Swamp:3  | Your ally Agrik died
 21493 | Swamp:3  | Reached skill level 20 in Invocations
 21585 | Swamp:3  | Gained Beowulf as an ally
 22219 | Swamp:4  | Entered Level 4 of the Swamp
 22230 | Swamp:4  | Your ally Borgun died
 22452 | Swamp:4  | Gained Marbork as an ally
 22456 | Swamp:4  | Reached skill level 5 in Throwing
 22537 | Swamp:4  | Got a decaying rune of Zot
 22565 | Swamp:4  | Your ally Marbork died
 22606 | Swamp:4  | Your ally Beowulf died
 22644 | Swamp:4  | Reached skill level 21 in Invocations
 22807 | Swamp:4  | Noticed a tentacled monstrosity
 22813 | Swamp:4  | Killed a tentacled monstrosity
 22929 | Swamp:4  | Gained Boghold as an ally
 23417 | Spider:1 | Entered Level 1 of the Spider Nest
 23923 | Spider:1 | Gained Bogfrid as an ally
 24036 | Spider:1 | Reached XP level 18. HP: 170/170 MP: 32/32
 24148 | Spider:1 | Gained Bogrim as an ally
 24233 | Spider:1 | Noticed Asterion
 24241 | Spider:1 | Killed Asterion
 24266 | Spider:1 | Your ally Bogfrid died
 25483 | Spider:2 | Identified 2 scrolls of acquirement
 25529 | Spider:2 | Noticed Mlioglotl
 25542 | Spider:2 | Killed Mlioglotl
 26517 | Spider:3 | Your ally Boghold died
 26626 | Spider:3 | Your ally Bogrim died
 27575 | Spider:4 | Entered Level 4 of the Spider Nest
 28407 | Spider:4 | Got a gossamer rune of Zot
 28446 | Spider:4 | Noticed Mara
 28451 | Spider:4 | Noticed SacredBeard's illusion
 28461 | Spider:4 | Killed Mara
 28514 | Spider:4 | Noticed Arachne
 28525 | Spider:4 | Killed Arachne
 28762 | Spider:4 | Noticed Nikola
 28778 | Spider:4 | Killed Nikola
 29501 | Swamp:3  | Reached XP level 19. HP: 150/183 MP: 33/33
 29538 | Swamp:3  | Killed Ricegish's ghost
 29643 | Swamp:3  | Acquired the +2 pair of boots of the Thoughtful Eyes {rF+
                  | MP+9 SInv}
 29644 | Swamp:3  | Acquired the ring "Zedwingu" {Fly rElec rC+ rCorr EV+5}
 29660 | Swamp:3  | Acquired the +0 tower shield of Miesyput {Str+4 Slay+2}
 29963 | Vaults:1 | Entered Level 1 of the Vaults
 30419 | Vaults:1 | Identified the +0 leather armour "Guovex" {rElec Int+3
                  | Slay+3}
 30420 | Vaults:1 | Identified the ring of the Final Chapter {+Blink rPois rC+
                  | Dex+3}
 30452 | Vaults:1 | Identified the ring of Cowardice {Wiz Contam rN+ Str+3
                  | SInv}
 30459 | Vaults:1 | Identified the +9 ring mail of Wauf {Int+5}
 30794 | Vaults:1 | Identified the +4 scale mail of Too Many Cooks {Harm}
 31127 | Vaults:1 | Identified the +5 arbalest "Jugiam" {flame, *Corrode rN+++
                  | Int-5 Dex+5}
 31573 | Vaults:2 | Found a staircase to the Crypt.
 32037 | Vaults:2 | Gained Bolgrim as an ally
 32443 | Vaults:3 | Noticed Aizul
 32446 | Vaults:3 | Killed Aizul
 32566 | Vaults:3 | Found a crumbling gateway.
 32643 | Vaults:3 | Reached XP level 20. HP: 94/198 MP: 34/34
 32646 | Vaults:3 | Your ally Bolgrim died
 32757 | Vaults:3 | Noticed Margery
 32774 | Vaults:3 | Killed Margery
 32775 | Vaults:3 | Reached skill level 10 in Dodging
 33055 | Vaults:3 | Noticed Sojobo
 33075 | Vaults:3 | Killed Sojobo
 33260 | Vaults:3 | Noticed Frederick
 33271 | Vaults:3 | Killed Frederick
 33765 | Vaults:3 | Noticed Donald
 33772 | Vaults:3 | Killed Donald
 34023 | Vaults:4 | Acquired the +1 helmet of Inquiry {rPois Will++ Int+3
                  | Dex-2}
 34158 | Vaults:4 | Noticed a dread lich
 34158 | Vaults:4 | Noticed Mennas
 34172 | Vaults:4 | Killed a dread lich
 34178 | Vaults:4 | Killed Mennas
 34181 | Vaults:4 | Gained Bogbarth as an ally
 34549 | Vaults:4 | Reached XP level 21. HP: 176/211 MP: 35/35
 34688 | Vaults:4 | Your ally Bogbarth died
 34954 | Vaults:4 | Gained Orkrul as an ally
 35150 | Vaults:4 | Your ally Orkrul died
 35476 | Vaults:5 | Entered Level 5 of the Vaults
 35583 | Depths:1 | Entered Level 1 of the Depths
 35681 | Depths:1 | Reached skill level 15 in Armour
 35681 | Depths:1 | Reached skill level 15 in Shields
 35683 | Depths:1 | Noticed a juggernaut
 35708 | D:15     | Killed a juggernaut
 35848 | Depths:1 | Identified the ring of Jientue {rPois Will+ Str-2 Int+4
                  | Dex+6}
 36050 | Depths:1 | Gained Blodwig as an ally
 36053 | Depths:1 | Your ally Blodwig died
 36096 | Depths:1 | Found a gateway to Hell.
 36108 | Depths:1 | Gained Brunolf as an ally
 36268 | Depths:1 | Noticed a juggernaut
 36275 | Depths:1 | Your ally Brunolf died
 36291 | Depths:1 | Killed a juggernaut
 36504 | Depths:1 | Reached XP level 22. HP: 218/220 MP: 36/36
 36796 | Depths:1 | Identified the +5 quarterstaff of Dissolution {pain, rC+
                  | Dex+3}
 36796 | Depths:1 | Identified the ring of Wiexeg {AC+4 Dex+5}
 37042 | Depths:1 | Gained Beowulf as an ally
 37628 | Depths:2 | Found a white marble altar of Elyvilon.
 37971 | Depths:2 | Your ally Beowulf died
 38132 | Depths:2 | Gained Gorg as an ally
 38197 | Depths:2 | Found Egroguiq's Jewellery Boutique.
 38302 | Depths:2 | Your ally Gorg died
 38465 | Depths:2 | Found a one-way gate leading to the halls of Pandemonium.
 38825 | Depths:2 | Identified the +2 cloak of Ashenzari, Enfolding {Dex+3}
 39091 | Depths:3 | Reached skill level 22 in Invocations
 39272 | Depths:3 | Gained Dorog as an ally
 39274 | Depths:3 | Your ally Dorog died
 39484 | Depths:3 | You are sucked into a shaft and drop 1 floor!
 39484 | Depths:4 | Entered Level 4 of the Depths
 39544 | Depths:4 | Reached XP level 23. HP: 210/226 MP: 38/38
 39616 | Depths:4 | Found a snail-covered altar of Cheibriados.
 39764 | Depths:3 | Found a one-way gate to the infinite horrors of the Abyss.
 39994 | Depths:3 | Gained Borgun as an ally
 40323 | Depths:3 | Found Aqyec's Book Shoppe.
 40327 | Depths:3 | Found Guhucl Usuni's Armour Boutique.
 41078 | Depths:4 | Found a one-way gateway to a ziggurat.
 41217 | Depths:4 | Gained Okrist as an ally
 41704 | Depths:4 | Reached skill level 23 in Invocations
 41723 | Depths:4 | Found a gate to the Realm of Zot.
 42064 | Crypt:1  | Entered Level 1 of the Crypt
 42083 | Crypt:1  | Your ally Okrist died
 42790 | Crypt:2  | Gained Bogbrand as an ally
 43773 | Crypt:3  | Entered Level 3 of the Crypt
 43792 | Crypt:3  | Reached XP level 24. HP: 137/234 MP: 38/38
 43974 | Crypt:3  | Found a staircase to the Tomb.
 44149 | Crypt:3  | Noticed a dread lich
 44156 | Crypt:3  | Killed a dread lich
 44237 | Crypt:3  | Your ally Bogbrand died
 44249 | Crypt:3  | Reached skill level 24 in Invocations
 44402 | Crypt:3  | Found an ancient bone altar of Kikubaaqudgha.
 44603 | Crypt:3  | Gained Gorm as an ally
 44603 | Crypt:3  | Gained Wargath as an ally
 44647 | Crypt:3  | Noticed Jory
 44648 | Crypt:3  | Your ally Gorm died
 44651 | Crypt:3  | Gained Orkwin as an ally
 44659 | Crypt:3  | Gained Syrus as an ally
 44660 | Crypt:3  | Your ally Syrus died
 44664 | Crypt:3  | Killed Jory
 44718 | Crypt:3  | Identified the staff of death "Kustrimu" {rPois rF++ rN+
                  | Str-3 Dex+3}
 44827 | Crypt:3  | Got Sif Muna's Disquisition on the Comitatus
 44911 | Crypt:3  | Gained Gorg as an ally
 45130 | Crypt:3  | Identified the ring of Haxir {rPois MP+9 Str+3}
 45351 | Tomb:1   | Entered Level 1 of the Tomb of the Ancients
 45489 | Tomb:1   | Gained Wulfoc as an ally
 45568 | Tomb:1   | Noticed a royal mummy
 45572 | Tomb:1   | Your ally Wulfoc died
 45583 | Tomb:1   | Killed a royal mummy
 45861 | Tomb:1   | Identified the +5 sling of the Shore {flame, Fragile rElec
                  | Will++}
 46944 | Vaults:5 | Gained Bogmar as an ally
 46944 | Vaults:5 | Your ally Bogmar died
 46955 | Vaults:5 | Reached XP level 25. HP: 146/243 MP: 39/39
 46984 | Vaults:5 | Gained Morbeogh as an ally
 46994 | Vaults:5 | Your ally Morbeogh died
 46998 | Vaults:5 | Gained Urtork as an ally
 47037 | Vaults:5 | Your ally Urtork died
 47417 | Vaults:5 | Noticed a dread lich
 47427 | Vaults:5 | Killed a dread lich
 47437 | Vaults:5 | Gained Rocco as an ally
 47445 | Vaults:5 | Identified the +5 great sword of Qovaj {freeze, Fragile
                  | Will+++ rCorr Str+4}
 47446 | Vaults:5 | Gained Bolgrim as an ally
 47455 | Vaults:5 | Your ally Bolgrim died
 47479 | Vaults:5 | Your ally Rocco died
 47500 | Vaults:5 | Reached skill level 10 in Throwing
 47535 | Vaults:5 | Identified the +6 short sword of the Thing {spect, rElec
                  | Will+ Int-3 Dex+6}
 47709 | Vaults:5 | Identified the staff of cold "Hitysoy" {rC+ Int+4}
 47720 | Vaults:5 | Got a silver rune of Zot
 47860 | Vaults:5 | Identified the +1 helmet of Experimentation {rElec}
 48087 | Vaults:5 | Noticed Xtahua
 48094 | Vaults:5 | Killed Xtahua
 48738 | Orc:1    | Bought the +10 plate armour of the Solstice {rCorr Int+3
                  | Dex-2} for 1578 gold pieces
 48938 | Depths:2 | Bought the ring of Haaph {rF+ rCorr Str+6} for 778 gold
                  | pieces
 49950 | Zot:1    | Entered Level 1 of the Realm of Zot
 50229 | Zot:1    | Gained Gorbash as an ally
 50352 | Zot:1    | Noticed Vv
 50378 | Zot:1    | Your ally Gorbash died
 50389 | Zot:1    | Killed Vv
 50570 | Zot:1    | Reached XP level 26. HP: 182/239 MP: 39/39
 50576 | Zot:1    | Gained Wulfoc as an ally
 50623 | Zot:1    | Gained Bogfrid as an ally
 50630 | Zot:1    | Your ally Wulfoc died
 50735 | Zot:1    | Your ally Bogfrid died
 51846 | Zot:2    | Reached skill level 25 in Invocations
 52045 | Zot:2    | Gained Gorm as an ally
 52243 | Zot:3    | Your ally Gorm died
 52390 | Zot:3    | Reached skill level 26 in Invocations
 53539 | Zot:4    | Noticed a Killer Klown
 53539 | Zot:4    | Noticed a Killer Klown
 53539 | Zot:4    | Noticed a dread lich
 53588 | Zot:4    | Killed a dread lich
 53589 | Zot:4    | Reached XP level 27. HP: 254/258 MP: 40/40
 53816 | Zot:4    | Reached skill level 27 in Invocations
 53820 | Zot:4    | Reached skill level 15 in Throwing
 54355 | Zot:5    | Entered Level 5 of the Realm of Zot
 54622 | Zot:5    | Noticed a dread lich
 54700 | Zot:5    | Noticed a dread lich
 54704 | Zot:5    | Killed a dread lich
 54861 | Zot:5    | Killed a dread lich
 54891 | Zot:5    | Noticed an orb of fire
 54902 | Zot:5    | Killed an orb of fire
 54947 | Zot:5    | Noticed an orb of fire
 54959 | Zot:5    | Killed an orb of fire
 55069 | Zot:5    | Noticed an orb of fire
 55084 | Zot:5    | Killed an orb of fire
 55109 | Zot:5    | Noticed an orb of fire
 55119 | Zot:5    | Noticed an orb of fire
 55121 | Zot:5    | Gained mutation: You are clumsy. (Dex -2) [an orb of fire]
 55132 | Zot:5    | Killed an orb of fire
 55174 | Zot:5    | Noticed a dread lich
 55177 | Zot:5    | Noticed an orb of fire
 55187 | Zot:5    | Noticed an orb of fire
 55188 | Zot:5    | Noticed an ancient lich
 55196 | Zot:5    | Killed an ancient lich
 55205 | Zot:5    | Killed a dread lich
 55207 | Zot:5    | Killed an orb of fire
 55207 | Zot:5    | Killed an orb of fire
 55356 | Zot:5    | Gained mutation: Your muscles are strong. (Str +4, Int/Dex
                  | -1) [an orb of fire]
 55357 | Zot:5    | Killed an orb of fire
 55488 | Zot:5    | Gained Murdo as an ally
 55544 | Zot:5    | Gained Brandogh as an ally
 55593 | Zot:5    | Noticed an orb of fire
 55595 | Zot:5    | Noticed an ancient lich
 55597 | Zot:5    | Noticed an orb of fire
 55607 | Zot:5    | Noticed an orb of fire
 55616 | Zot:5    | Gained mutation: You sometimes lose your temper in combat.
                  | [an orb of fire]
 55621 | Zot:5    | Killed an orb of fire
 55623 | Zot:5    | Gained mutation: Your body sometimes deteriorates upon
                  | taking damage. [an orb of fire]
 55624 | Zot:5    | Your ally Brandogh died
 55632 | Zot:5    | Killed an orb of fire
 55637 | Zot:5    | Gained mutation: Your spells are a little easier to cast,
                  | but a little less powerful. [an orb of fire]
 55643 | Zot:5    | HP: 9/269 [ancient lich/crystal spear (34)]
 55644 | Zot:5    | Gained mutation: You expend magic power (3 MP) to
                  | strengthen your wands. [an orb of fire]
 55650 | Zot:5    | HP: 10/269 [ancient lich (10)]
 55650 | Zot:5    | Slain by an Orb Guardian

Illustrated notes

Levels and vault maps discovered:
D:1:      lightli_arrival_chessboard, layout_loops_ring
D:2:      layout_basic
D:3:      layout_basic, mainiacjoe_overflow_brackets,
          ebering_ecumenical_altar_mist
D:4:      layout_loops_ring, serial_shops, nicolae_shop_window_shopping,
          minmay_misc_feat_rows
D:5:      layout_basic, dk_xom_monty_hall,
          nicolae_gozag_cash_rules_everything_around_me,
          mainiacjoe_overflow_boulevard, trog_hazing_becter,
          minmay_temple_entry_poolview, minmay_crystal_room
D:6:      layout_basic, enter_ossuary_2, uniq_prince_ribbit1
D:7:      layout_rooms, kennysheep_mini_moat, amcnicky_altar_gilded, st_stairs_2
D:8:      layout_cave_pools, uniq_psyche
D:9:      layout_loops_ring, mainiacjoe_overflow_catch_the_wave,
          kennysheep_little_box, enter_bailey_2, minmay_misc_feat_roman
D:10:     cheibrodos_iron_armory, layout_cave_pools,
          due_lair_maze_entry_diamond, dreamdust_princess_bridge,
          minmay_misc_feat_pillars
D:11:     layout_basic, serial_curves, eino_curves_03, eino_curves_03
D:12:     layout_loops_corners, guppyfry_shop_earth, uniq_josephine
D:13:     layout_basic, minmay_rotating_lava, uniq_frances
D:14:     thingy_vault, layout_cave_pools, david_vaults_2, chequers_jeans,
          gauntlet_entry_generic, minmay_fountain_box, minivault_11,
          hangedman_decor_growths, serial_park_tiny_pond, minmay_circle_x,
          uniq_louise
D:15:     hangedman_depths_entry_civil_slaughter, layout_long_grid,
          lemuel_blue_sif_altar
Lair:1:   layout_hall_layers, serial_forest, infiniplex_forest_straight_2,
          infiniplex_forest_clump_medium, infiniplex_forest_straight_1,
          infiniplex_forest_clump_double, infiniplex_forest_lined_2,
          infiniplex_forest_lined_corner, infiniplex_forest_clump_medium,
          minivault_24
Lair:2:   gammafunk_indiana_jones, layout_regular_city,
          spider_nest_entry_web_field, minivault_27, minmay_shattered_shrine
Lair:3:   layout_roguey, minmay_swamp_entry_eels, uniq_nergalle
Lair:4:   layout_misc_corridors, slime_entry_1, uniq_rupert
Lair:5:   minmay_lair_end_frog_pond, layout_loops_ring, lemuel_fruit_fields
Swamp:1:  layout_basic_swamp, portal_ice_cave_entry_pillars_three,
          nicolae_swamp_ascending_descending, swamp_pool3,
          infiniplex_staircase_pool
Swamp:2:  layout_basic_swamp, evilmike_swamp_ruin_house_1, swamp_pool4,
          st_shrine_of_shade, infiniplex_staircase_pool_2
Swamp:3:  nicolae_swamp_wrong_neighborhood, layout_basic_swamp,
          ebering_ghost_funeral_grove, hangedman_swamp_ruin_wall, swamp_pool5
Swamp:4:  swamp_basic_johnstein, layout_basic_swamp, swamp_pool2
Spider:1: layout_chambers, uniq_asterion
Spider:2: layout_spider_delve, uniq_mlioglotl
Spider:3: layout_chambers, drop_trap, nicolae_looking_at_the_future
Spider:4: guppyfry_spider_rune, uniq_arachne, uniq_mara, uniq_nikola
Orc:1:    layout_caves, serial_shops, shop, uniq_snorg
Orc:2:    st_orc_rangers, layout_caves, serial_shops, nicolae_shop_stone,
          gammafunk_ghost_smash, nicolae_orc_lost_temple, uniq_jorgrun
Vaults:1: v_alt_pattern_2, hangedman_vaults_stitches, nicolae_vaults_asterisk,
          nicolae_vaults_specimen_jars, nicolae_vaults_yaktaur_gun_rack,
          nicolae_vaults_diamond_1, vaults_room_fours,
          nicolae_vaults_storing_the_good_stuff,
          nicolae_vaults_heart-shaped_vault, layout_vaults_omnigrid
Vaults:2: nicolae_vaults_big_angled_halls, nicolae_vaults_little_ls, v_misc_29,
          minmay_crypt_entry_skeletal_spiral, nicolae_vaults_closet_pinwheel_1,
          vaults_mumra_hexcomb, nicolae_vaults_tetromino_L_2, v_misc_24,
          v_misc_25, nicolae_vaults_theta, nicolae_vaults_network_quinsquares
          [nicolae_vaults_network_quincunx_subvault,
          nicolae_vaults_network_quincunx_subvault,
          nicolae_vaults_network_quincunx_subvault,
          nicolae_vaults_network_quincunx_subvault],
          nicolae_vaults_shelves_hall, nicolae_vaults_house_2,
          layout_vaults_maze_bifur
Vaults:3: portal_desolation_entry_nicolae_slug, nicolae_vaults_enemy_cabinets,
          nicolae_vaults_little_squares_4, v_misc_14, v_misc_22,
          vaults_room_pool, nicolae_vaults_layer_cake_slice, vaults_room_grid,
          nicolae_vaults_tetromino_Z_1, v_misc_14, hangedman_vaults_corner,
          v_misc_14, vaults_room_hallway, layout_vaults_omnicross,
          uniq_frederick, uniq_margery, uniq_donald, uniq_aizul, uniq_sojobo
Vaults:4: nicolae_vaults_good_morning_starshine, grunt_vaults_hallway_short,
          hangedman_vaults_trim, nicolae_vaults_heart-shaped_vault,
          vaults_mumra_minichess, vaults_room_door_hall, vaults_room_door_hall,
          nicolae_vaults_storage_closets_2, nicolae_vaults_rhombus_5,
          nicolae_vaults_tetromino_T_2, nicolae_vaults_double_plus_1,
          layout_vaults_big_room, uniq_mennas
Vaults:5: serial_shops, uniq_xtahua
Crypt:1:  layout_chaotic_city
Crypt:2:  layout_chaotic_city
Crypt:3:  church_of_pain_bobbens, layout_chaotic_city,
          nicolae_tomb_entry_grand_gallery, uniq_josephina, uniq_jory
Tomb:1
Depths:1: minmay_complete_graph, layout_honeycomb, serial_bayou_ford_a,
          pf_hell_entry_tar_river, nicolae_figureground_sparkle
Depths:2: evilmike_marble_ring, layout_gridlike, elyvilon_altar_5,
          rand_demon_pan_entry_9, hell_entry, minmay_shop_enchanted_jewellery,
          infiniplex_staircase_spiral_double, grunt_megastairs_1
Depths:3: hangedman_arrow_trap, layout_cave_shapes, hellmouth_3, nicolae_wwwww,
          pan_entry, abyss_entry_glasseish, nicolae_wooded_promenade,
          infiniplex_staircase_pillars_1
Depths:4: grunt_zot_entry_gee_three, layout_gridlike, enter_ziggurat_a,
          hangedman_coc_ice_floe, cheibriados_altar_1, abyss_entry
Zot:1:    layout_misc_corridors, grunt_megastairs_4, uniq_vv
Zot:2:    layout_misc_corridors, st_stairs_7
Zot:3:    grunt_twist_and_shout, layout_cathedral_of_symmetry
Zot:4:    ebering_klown_carousel, layout_gridville
Zot:5:    layout_basic

Skill      XL: |  1  2  3  4  5  6  7  8  9 10 11 12 13 14 15 16 17 18 19 20 21 22 23 24 25 26 27 |
---------------+----------------------------------------------------------------------------------+-----
Fighting       | 4 5 6 8 10 11 13 15 17 19 21 23 26 | 26.0
Axes           | 3 4 5 6 8 9 11 13 14 17 21 22 23 24 25 26 | 26.0
Dodging        | 1 3 4 5 6 7 8 9 10 11 12 13 | 13.2
Throwing       | 1 2 4 5 6 7 8 12 14 17 | 17.0
Armour         | 4 5 7 9 10 11 13 14 15 16 17 18 19 | 19.2
Shields        | 4 5 7 9 10 11 13 14 15 16 17 18 19 | 19.2
Invocations    | 1 8 12 15 17 18 19 21 22 23 24 26 27 | 27.0
Evocations     | 3 5 6 7 8 9 |  9.0

Action                     |  1- 3 |  4- 6 |  7- 9 | 10-12 | 13-15 | 16-18 | 19-21 | 22-24 | 25-27 || total
---------------------------+-------+-------+-------+-------+-------+-------+-------+-------+-------++-------
  Melee: War axe           |    88 |   114 |     2 |       |       |       |       |       |       ||   204
         Broad axe         |       |       |   256 |   385 |   588 |   911 |   862 |  1178 |   881 ||  5061
  Throw: Boomerang         |       |       |       |       |     1 |    14 |    25 |     7 |   231 ||   278
 Invoke: Convert to Beogh  |       |     1 |       |       |       |       |       |       |       ||     1
         Smiting           |       |       |     1 |     1 |    26 |     2 |     4 |     1 |       ||    35
         Recall Orcish Fol |       |       |       |     4 |     2 |     3 |       |       |       ||     9
         Give Item to Name |       |       |       |     2 |       |     3 |     1 |       |     2 ||     8
  Evoke: Wand              |       |       |       |       |    17 |    24 |     5 |     2 |     8 ||    56
         Phantom mirror    |       |       |       |       |     2 |     2 |     1 |       |       ||     5
    Use: Scroll            |       |       |       |    18 |     8 |     9 |     5 |     4 |     2 ||    46
         Potion            |       |       |       |     2 |       |     6 |     2 |     1 |    10 ||    21
   Stab: Distracted        |       |       |       |     4 |    13 |    15 |    20 |    30 |    21 ||   103
         Paralysed         |       |       |       |     1 |     1 |     7 |       |     3 |     2 ||    14
         Petrified         |       |       |       |       |     7 |       |       |       |       ||     7
         Petrifying        |       |       |       |       |     2 |       |       |       |       ||     2
 Armour: Plate armour      |    42 |       |       |       |       |       |       |       |   311 ||   353
         Chain mail        |    15 |    67 |   151 |   296 |   394 |   545 |   220 |   328 |    82 ||  2098
  Dodge: Dodged            |    27 |    31 |    74 |   159 |   164 |   316 |   204 |   315 |   220 ||  1510
  Block: Buckler           |    17 |    28 |       |       |       |       |       |       |       ||    45
         Kite shield       |       |     3 |    84 |   175 |     1 |       |       |       |       ||   263
         Tower shield      |       |       |       |       |   450 |   561 |   432 |   653 |   452 ||  2548
